 Dungeon Crawl Stone Soup version 0.28.0-53-g5a82cb258f (webtiles) character file.

Game seed: 5940200433863437575

378 MisterFreud the Conjurer (level 6, -14/36 HPs)
             Began as an Octopode Conjurer on June 5, 2022.
             Was an Initiate of Gozag.
             Demolished by a two-headed ogre
             ... wielding a +0 giant club
              (23 damage)
             ... on level 5 of the Dungeon.
             The game lasted 00:05:46 (5169 turns).

MisterFreud the Conjurer (Octopode Conjurer)        Turns: 5169, Time: 00:05:48

Health: -14/36     AC:  2    Str:  6    XL:     6   Next: 74%
Magic:  0/9        EV: 14    Int: 23    God:    Gozag
Gold:   176        SH:  5    Dex: 10    Spells: 6/9 levels left

rFire   . . .      SeeInvis .   q - +1 dagger (venom)
rCold   . . .      Faith    .   (no shield)
rNeg    . . .      Spirit   .   f - +1 hat
rPois   .          Reflect  +   o - amulet of reflection
rElec   .          Harm     .   (no ring)
rCorr   .          Rampage  .   (no ring)
Will    .....                   (no ring)
Stlth   +++.......              (no ring)
HPRegen 0.12/turn               (no ring)
MPRegen 0.11/turn               (no ring)
                                (no ring)
                                (no ring)

@: no status effects
A: almost no armour, amphibious, 8 rings, camouflage 1, gelatinous body 1,
(nimble swimmer 1), tentacles
a: Renounce Religion, Potion Petition, Call Merchant, Bribe Branch


You were on level 5 of the Dungeon.
You worshipped Gozag.
Gozag was aware of your devotion.
You visited 2 branches of the dungeon, and saw 6 of its levels.

You collected 226 gold pieces.
You paid 50 gold pieces to Gozag.

Inventory:

Hand Weapons
 q - a +1 dagger of venom (weapon)
Missiles
 d - 5 boomerangs
Armour
 f - a +1 hat (worn)
Jewellery
 o - an amulet of reflection (around mantle)
 s - a +6 ring of strength
Scrolls
 a - a scroll of magic mapping
 t - a scroll of enchant weapon
Potions
 b - a potion of flight
 c - 3 potions of curing
 e - a potion of attraction {unknown}
 h - a potion of degeneration {unknown}
 j - 2 potions of berserk rage
 k - a potion of haste {unknown}
 m - 2 potions of heal wounds
 n - a potion of cancellation {unknown}
 r - a potion of lignification {unknown}


   Skills:
 - Level 5.0 Dodging
 - Level 2.6 Stealth
 - Level 2.0 Spellcasting
 + Level 6.3 Conjurations


You had 6 spell levels left.
You knew the following spells:

 Your Spells              Type           Power      Damage    Failure   Level
a - Magic Dart            Conj           100%       1d8       1%          1
b - Searing Ray           Conj           62%        2d6       1%          2

Your spell library contained the following spells:

 Spells                   Type           Power      Damage    Failure   Level
 Dazzling Flash           Conj/Hex       32%        N/A       11%         3
 Fulminant Prism          Conj/Hex       8%         3d7       34%         4
 Iskenderun's Mystic Bla  Conj/Tloc      16%        2d5       34%         4


Dungeon Overview and Level Annotations

Branches:
Dungeon (5/15)             Temple (1/1) D:4

Altars:
Ashenzari
Cheibriados
Dithmenos
Elyvilon
Fedhas
Gozag
Hepliaklqana
Kikubaaqudgha
Makhleb
Nemelex Xobeh
Okawaru
Qazlal
Ru
Sif Muna
Trog
Uskayaw
Vehumet
Wu Jian
Xom
Yredelemnul
Zin
The Shining One

Annotations:
D:2 1 runed translucent door, Crazy Yiuf
D:4 2 transporters, MisterFreud's ghost, amateur GnDe


Innate Abilities, Weirdness & Mutations

You cannot wear most types of armour.
You are amphibious.
You can wear up to eight rings at the same time.
Your skin changes colour to match your surroundings (Stealth+).
Your rubbery body absorbs attacks. (AC +1, EV +1)
((You are camouflaged when in or above water. (Stealth+)))
You have tentacles for arms and can constrict up to eight enemies at once.


Message History

A two-headed ogre comes into view.
It is wielding a +0 giant club and a +0 giant spiked club.
The magic dart hits the two-headed ogre.
The two-headed ogre is lightly wounded.
You can't see any susceptible monsters within range! (Use Z to cast anyway.)
You can't see any susceptible monsters within range! (Use Z to cast anyway.)
Casting: Magic Dart (safe; 1% risk of failure)
Confirm with . or Enter, or press ? or * to list all spells.
Aiming: Searing Ray (safe; 1% risk of failure)
Press: ? - help, Shift-Dir - straight line, f/p - two-headed ogre
Aim: a two-headed ogre, wielding a +0 giant club and a +0 giant spiked club (lightly wounded, 90% to hit)
The searing ray hits the two-headed ogre.
The two-headed ogre is lightly wounded. (Press . to maintain the ray.)
The searing ray hits the two-headed ogre!
The two-headed ogre is moderately wounded.
The searing ray hits the two-headed ogre.
The two-headed ogre is heavily wounded.
The two-headed ogre closely misses you.
The two-headed ogre hits you with a +0 giant spiked club!
The searing ray hits the two-headed ogre!
The two-headed ogre is heavily wounded.
You finish channelling your searing ray.
Casting: Searing Ray (safe; 1% risk of failure)
Confirm with . or Enter, or press ? or * to list all spells.
Aiming: Searing Ray (safe; 1% risk of failure)
Press: ? - help, Shift-Dir - straight line, f/p - two-headed ogre
Aim: a two-headed ogre, wielding a +0 giant club and a +0 giant spiked club (heavily wounded, 90% to hit)
The searing ray hits the two-headed ogre.
The two-headed ogre is severely wounded. (Press . to maintain the ray.)
You block the two-headed ogre's attack. The two-headed ogre closely misses you.
The searing ray hits the two-headed ogre.
The two-headed ogre is severely wounded.
The two-headed ogre hits you with a +0 giant club!!
Ouch! That really hurt!
* * * LOW HITPOINT WARNING * * *
The two-headed ogre hits you with a +0 giant spiked club!!
Ouch! That really hurt!
You die...
Your body crumbles into a pile of gold.

#... #... ##
#... ###.#
#... .....
#.. ##..[
#.## #....
#O## #....
#@.## #....
##..# #....
##.## #....
#..## #....
##..## #....
##..## ##....
#...# #.....
##..##
##.....
##..###....##


You could see a two-headed ogre.

Vanquished Creatures
  A black bear (D:3)
  A necrophage (D:5)
  A jelly (D:4)
  An iguana (D:5)
  A hound skeleton (D:4)
  5 adders
  A dart slug (D:2)
  2 orcs (D:4)
  11 ball pythons
  11 endoplasms
  6 giant cockroaches
  8 hobgoblins
  2 quokkas
  5 bats
  8 frilled lizards
  8 goblins
  7 kobolds
  2 rats (D:1)
81 creatures vanquished.

Vanquished Creatures (others)
  2 fungi (D:2)
2 creatures vanquished.

Grand Total: 83 creatures vanquished

Notes
Turn   | Place    | Note
-------+----------+-------------------------------------------
     0 | D:1      | MisterFreud the Octopode Conjurer began the quest for the
                  | Orb.
     0 | D:1      | Reached XP level 1. HP: 11/11 MP: 3/3
   191 | D:1      | You fall into a shaft and drop 1 floor!
   194 | D:2      | Reached XP level 2. HP: 17/17 MP: 1/5
   240 | D:2      | Learned a level 2 spell: Searing Ray
   573 | D:1      | Found a faded altar of an unknown god.
   787 | D:1      | Reached XP level 3. HP: 21/21 MP: 3/6
  1047 | D:1      | Reached skill level 5 in Conjurations
  2126 | D:2      | Found a runed translucent door.
  2127 | D:2      | Noticed Crazy Yiuf
  2370 | D:3      | Noticed a black bear
  2492 | D:3      | Reached XP level 4. HP: 27/27 MP: 4/7
  2542 | D:3      | Killed a black bear
  2543 | D:3      | Reached skill level 6 in Conjurations
  2543 | D:3      | Reached XP level 5. HP: 21/31 MP: 0/8
  3549 | D:4      | Reached XP level 6. HP: 36/36 MP: 5/9
  3621 | D:4      | Found a transporter.
  3630 | D:4      | Found a transporter.
  3632 | D:4      | Noticed MisterFreud's ghost (amateur GnDe)
  3759 | D:4      | Found a sparkling altar of Nemelex Xobeh.
  3887 | D:4      | Found a staircase to the Ecumenical Temple.
  3935 | Temple   | Entered the Ecumenical Temple
  4237 | Temple   | Became a worshipper of Gozag Ym Sagoz the Greedy
  4794 | D:5      | Entered Level 5 of the Dungeon
  5001 | D:5      | Noticed a necrophage
  5016 | D:5      | Killed a necrophage
  5017 | D:5      | Reached skill level 5 in Dodging
  5161 | D:5      | Noticed a two-headed ogre
  5169 | D:5      | Demolished by a two-headed ogre

Illustrated notes

Levels and vault maps discovered:
D:1:      dpeg_arrival_renting, layout_basic,
          shapermc_ecumenical_altar_notcrosses, minmay_lizard_pond
D:2:      layout_loops_corners, serial_bayou_lake_a, uniq_crazy_yiuf_cottage
D:3:      layout_loops_ring
D:4:      layout_loops_cross, nemelex_diamond_rough_becter,
          minmay_temple_entry_junction_2, gammafunk_ghost_stat_death
D:5:      layout_cave_pods, hangedman_abyss_or_decor_jellyfish_corner,
          dk_rats_in_the_wall
Temple:   mainiacjoe_temple_circle_huts

Skill      XL: |  1  2  3  4  5  6 |
---------------+-------------------+-----
Conjurations   | 5 6 |  6.3
Dodging        | 3 4 5 |  5.0
Stealth        | |  2.6
Spellcasting   | |  2.0

Action                   |  1- 3 |  4- 6 || total
-------------------------+-------+-------++-------
Melee: Unarmed           |    23 |    14 ||    37
       Tentacles         |     7 |     3 ||    10
       Constrict         |     9 |     5 ||    14
       Punch             |       |     1 ||     1
       Dagger            |       |     6 ||     6
 Cast: Magic Dart        |    63 |    71 ||   134
       Searing Ray       |       |     7 ||     7
  Use: Scroll            |       |    11 ||    11
 Stab: Sleeping          |     1 |       ||     1
Armor: Skin              |     5 |     2 ||     7
Dodge: Dodged            |    19 |    22 ||    41
Block: Other             |       |     3 ||     3
